AoeStats
← 范子豪

Arabia

507135386Analyzed
2v2 RM · 16d ago on Sep 16, 2026· 47m 27s· 4 players
Game mode
Random Map
Map size
Medium (4 player)
Population
200
Speed
Normal
Resources
Standard
Victory
Conquest
Starting age
Dark Age
Ending age
Imperial Age
RankedLock teamsTeams togetherTeam positionsShared explorationLock speedFull tech treeHidden civsTurbo modeCheats
Victory
Defeat
🇨🇳 Spanish · China
1031
+15
🇬🇷 Sicilians · Greece
1021
+16
🇨🇴 Franks · Colombia
1059
-17
🇨🇴 Ethiopians · Colombia
970
-14
cristianarturo201822
4:57 Loom
9:57 Feudal Age
13:38 Double-Bit Axe
22:50 Castle Age
28:57 Fletching
40:40 Wheelbarrow
40:20 Bow Saw
41:45 Scale Barding Armor
42:17 Forging
42:36 Gold Mining
44:57 Chain Barding Armor
Jonny the Chef
7:05 Loom
9:46 Feudal Age
21:57 Castle Age
22:46 Crossbowman
34:19 Fletching
aLaNi
2:52 Loom
11:19 Feudal Age
13:25 Double-Bit Axe
19:52 Horse Collar
21:42 Wheelbarrow
38:24 Castle Age
36:56 Scale Mail Armor
37:46 Forging
38:47 Elite Skirmisher
39:22 Fletching
39:33 Padded Archer Armor
40:21 Chain Mail Armor
40:51 Hand Cart
40:40 Heavy Plow
40:55 Bow Saw
44:25 Town Watch
45:00 Pikeman
48:26 Imperial Age
47:56 Bodkin Arrow
48:38 Iron Casting
48:19 Leather Archer Armor
范子豪
2:14 Loom
11:57 Feudal Age
13:46 Wheelbarrow
16:13 Castle Age
15:06 Double-Bit Axe
16:25 Horse Collar
22:55 Husbandry
23:05 Bloodlines
26:36 Padded Archer Armor
29:59 Hand Cart
29:31 Town Watch
29:44 Gold Mining
29:48 Stone Mining
31:11 Bow Saw
31:04 Town Patrol
33:04 Heavy Plow
35:25 Stone Shaft Mining
38:51 Imperial Age
36:53 Scale Barding Armor
36:58 Forging
36:39 Fletching
38:58 Chain Barding Armor
39:14 Iron Casting
39:58 Conscription
39:00 Cavalier
40:22 Coinage
41:35 Paladin
41:37 Light Cavalry
42:57 Banking
44:18 Hoardings
45:10 Fortified Wall
46:25 Ballistics
48:22 Plate Barding Armor
48:48 Blast Furnace
47:44 Bodkin Arrow
Connection lost

Rejoining the realm…

Still unreachable

The connection could not be restored.

Session expired

The server has moved on; the page needs a fresh start.